 Dungeon Crawl Stone Soup version 0.31-a0-232-gb1c03b2570 (webtiles) character file.

Game seed: 13607504944622999867

107 qw the Shooter (level 4, -2/36 HPs)
             Began as a Minotaur Hexslinger on July 7, 2023.
             Slain by Edmund
             ... wielding a +2 dire flail of holy wrath
              (10 damage)
             ... on level 4 of the Dungeon.
             The game lasted 00:00:45 (2312 turns).

qw the Shooter (Minotaur Hexslinger)                Turns: 2312, Time: 00:00:46

Health: -2/36      AC:  5    Str: 13    XL:     4   Next: 57%
Magic:  4/4        EV: 11    Int: 10    God:
Gold:   99         SH:  0    Dex: 20    Spells: 4/5 levels left

rFire   . . .        Y - +1 sling
rCold   . . .        (no shield)
rNeg    . . .        d - +0 ring mail
rPois   .            (helmet restricted)
rElec   .            (no cloak)
rCorr   .            (no gloves)
SInv    .            (no boots)
Will    .....        l - amulet of faith
Stlth   +            c - +6 ring of dexterity
HPRegen 0.26/turn    (no ring)
MPRegen 0.09/turn

%: faith
@: about to teleport
A: horns 2, retaliatory headbutt
a: no special abilities


You were on level 4 of the Dungeon.
You visited 1 branch of the dungeon, and saw 4 of its levels.

You collected 99 gold pieces.


Innate Abilities, Weirdness & Mutations

You have a pair of horns on your head.
You reflexively headbutt those who attack you in melee.


   Skills:
 + Level 2.0 Fighting
 - Level 5.0 Ranged Weapons
 - Level 1.0 Armour
 - Level 2.1 Dodging
 - Level 1.0 Spellcasting
 - Level 2.0 Hexes


You had 4 spell levels left.
You knew the following spells:

 Your Spells              Type           Power      Damage    Failure   Level
a - Slow                  Hex            16%        N/A       32%         1

Your spell library contained the following spells:

 Spells                   Type           Power      Damage    Failure   Level
 Inner Flame              Hex/Fire       2%         N/A       82%         3
 Portal Projectile        Hex/Tloc       4%         N/A       82%         3
 Cause Fear               Hex            2%         N/A       97%         4

Inventory:

Hand Weapons
 Y - a +1 sling (weapon)
Armour
 d - a +0 ring mail (worn)
Jewellery
 c - a +6 ring of dexterity (left hand)
 l - an amulet of faith (around neck)
Scrolls
 a - a scroll of teleportation
 e - a scroll of identify
Potions
 b - a potion of curing
 g - a potion of heal wounds
 h - a potion of lignification {unknown}
 i - 4 potions of enlightenment
 k - a potion of might

Dungeon Overview and Level Annotations

Branches:
Dungeon (4/15)
 Temple: D:4-7

Altars:
Ashenzari
Xom

Shops:
D:1 ?

Annotations:
D:4 Edmund


Message History

What level of the Dungeon? (default 1, ? - help)
There is a stone staircase leading down here.
You climb downwards.
You hear the sound of rushing water.
There is an entrance to a sewer on this level.
Hurry and find it before the portal rusts away!
Found a scroll of teleportation.
There is a stone staircase leading up here.
Waypoint 3 assigned to D:4.
2288 ||| PLANNING SEWER
a - 2 scrolls of teleportation (gained 1)
A dart slug comes into view.
You shoot a sling bullet. The sling bullet hits the dart slug.
The dart slug is heavily wounded.
You shoot a sling bullet. The sling bullet hits the dart slug.
You kill the dart slug!
Your Ranged Weapons skill increases to level 5!
Edmund the Younger comes into view.
He is wielding a +2 dire flail of holy wrath.
You shoot a sling bullet.
The sling bullet hits Edmund but does no damage.
You shoot a sling bullet. The sling bullet hits Edmund.
Edmund is lightly wounded.
Edmund misses you. You furiously retaliate!
You headbutt Edmund. You shoot a sling bullet.
The sling bullet hits Edmund but does no damage.
Edmund is lightly wounded.
Edmund barely misses you. You furiously retaliate!
You headbutt Edmund! You shoot a sling bullet.
The sling bullet closely misses Edmund.
Edmund barely misses you.
You shoot a sling bullet. The sling bullet barely misses Edmund.
Edmund barely misses you.
You shoot a sling bullet. The sling bullet barely misses Edmund.
Edmund hits you with a +2 dire flail of holy wrath!
You shoot a sling bullet. The sling bullet hits Edmund.
Edmund is moderately wounded.
Edmund hits you with a +2 dire flail of holy wrath! x2
2312 ||| READING 2 scrolls of teleportation.
As you read the scroll of teleportation, it crumbles to dust.
You feel strangely unstable.
Edmund hits you with a +2 dire flail of holy wrath!
You die...

#######
#.....#
##.##.#
#.##.#
#.##.#
#.##.#
#.##<#
#@####
#.@....#
######.#


You could see Edmund.

Vanquished Creatures
  Jessica (D:2)
  2 adders
  2 worms
  4 dart slugs
  An orc (D:3)
  10 bats
  6 endoplasms
  6 goblins
  3 hobgoblins
  A quokka (D:3)
  8 ball pythons
  3 frilled lizards
  A rat (D:2)
48 creatures vanquished.

Notes
Turn   | Place    | Note
-------+----------+-------------------------------------------
     0 | D:1      | qw the Minotaur Hexslinger began the quest for the Orb.
     0 | D:1      | Reached XP level 1. HP: 16/16 MP: 1/1
     0 | D:1      | 0 ||| qw: Version: 0.3-a-46-gb1f654a
     0 | D:1      | 0 ||| qw: Game counter: 2733
     0 | D:1      | 0 ||| qw: Melee chars always use a shield: true
     0 | D:1      | 0 ||| qw: God list: Okawaru
     0 | D:1      | 0 ||| qw: Allow faded altars: false
     0 | D:1      | 0 ||| qw: Do Orc after clearing Dungeon:15 true
     0 | D:1      | 0 ||| qw: Do second Lair branch before Depths: true
     0 | D:1      | 0 ||| qw: Lair rune preference: random
     0 | D:1      | 0 ||| qw: Goals: Normal
     0 | D:1      | 0 ||| PLANNING D:1-11
   113 | D:1      | Reached skill level 3 in Ranged Weapons
   116 | D:1      | Reached XP level 2. HP: 23/23 MP: 2/2
   226 | D:1      | Found Siopriof's Magic Scroll Shop.
   235 | D:1      | 235 ||| SHOPLISTING scroll of identify (24 gold, have 21).
   235 | D:1      | 235 ||| SHOPLISTING scroll of teleportation (36 gold, have
                  | 21).
   608 | D:1      | 608 ||| UPGRADING to +0 ring mail.
   618 | D:1      | 618 ||| DROPPING +0 robe.
   619 | D:1      | 619 ||| UPGRADING to amulet of faith.
   624 | D:1      | 624 ||| READING 2 scrolls labelled SARROD MUNGEZE.
   625 | D:1      | 625 ||| READING scroll labelled IPTYOJ AMASMU.
   626 | D:1      | 626 ||| READING scroll labelled FIDINY SEQUEBO.
   627 | D:1      | 627 ||| READING scroll labelled SALIETI FYUX.
   631 | D:1      | 631 ||| DRINKING 2 bubbling white potions.
   632 | D:1      | 632 ||| DROPPING scroll of fog.
   633 | D:1      | 633 ||| DROPPING scroll of poison.
   634 | D:1      | 634 ||| DROPPING potion of invisibility.
   716 | D:2      | Noticed Jessica
   723 | D:2      | Killed Jessica
   724 | D:2      | Reached skill level 4 in Ranged Weapons
   724 | D:2      | Reached XP level 3. HP: 24/29 MP: 3/3
   821 | D:2      | Found a shimmering altar of Xom.
   903 | D:2      | Reached skill level 1 in Armour
   908 | D:2      | Reached XP level 4. HP: 36/36 MP: 4/4
  1351 | D:2      | 1351 ||| UPGRADING to +6 ring of dexterity.
  1352 | D:2      | 1352 ||| DRINKING 4 black potions.
  1353 | D:2      | 1353 ||| DRINKING 2 dark potions.
  1978 | D:3      | Found a broken altar of Ashenzari.
  2273 | D:3      | 2273 ||| DRINKING 2 grey potions.
  2274 | D:3      | 2274 ||| READING 3 scrolls of identify.
  2274 | D:3      | 2274 ||| IDENTIFYING puce potion
  2275 | D:3      | 2275 ||| READING 2 scrolls of identify.
  2275 | D:3      | 2275 ||| IDENTIFYING fuming pink potion
  2276 | D:3      | 2276 ||| DROPPING potion of attraction.
  2288 | D:4      | 2288 ||| PLANNING SEWER
  2299 | D:4      | Reached skill level 5 in Ranged Weapons
  2304 | D:4      | Noticed Edmund
  2311 | D:4      | HP: 7/36 [Edmund/+2 dire flail of holy wrath (7)]
  2312 | D:4      | 2312 ||| READING 2 scrolls of teleportation.
  2312 | D:4      | Slain by Edmund

Levels and vault maps discovered:
D:1:      dpeg_arrival_three_bigger_balls, layout_loops_ring, serial_shops,
          shop, minivault_14, minivault_27, chequers_serial_rivers_micro_d
D:2:      layout_basic, basic_altar, uniq_jessica
D:3:      layout_loops_corners, ashenzari_altar_1, kennysheep_generic_room_2
D:4:      minmay_inner_zag, layout_basic, portal_sewer_entry_d, uniq_pikel,
          uniq_menkaure, uniq_edmund

Skill      XL: |  1  2  3  4 |
---------------+-------------+-----
Ranged Weapons | 3 4 5 |  5.0
Fighting       | 2 |  2.0
Armour         | 1 |  1.0
Dodging        | |  2.1
Spellcasting   | |  1.0
Hexes          | |  2.0

Action                     |  1- 3 |  4- 6 || total
---------------------------+-------+-------++-------
   Fire: Sling             |    72 |    67 ||   139
    Use: Scroll            |     4 |     3 ||     7
         Potion            |     1 |     3 ||     4
 Armour: Robe              |     4 |       ||     4
         Ring mail         |     4 |     8 ||    12
  Dodge: Dodged            |    17 |    21 ||    38

Table legend:
 A = Non-vault XP
 B = Vault XP
 C = Vault XP percentage of total XP
 D = Non-vault monster count
 E = Vault monster count
 F = Vault count percentage of total count
                 A         B        C        D         E       F
            +---------+---------+-------+---------+---------+-------
      Total |     113 |      41 |  26.6 |      44 |       4 |   8.3
            +---------+---------+-------+---------+---------+-------
        D:1 |      35 |       0 |   0.0 |      19 |       0 |   0.0
        D:2 |      38 |      37 |  49.3 |      12 |       1 |   7.7
        D:3 |      36 |       4 |  10.0 |      12 |       3 |  20.0
        D:4 |       4 |       0 |   0.0 |       1 |       0 |   0.0
            +---------+---------+-------+---------+---------+-------
